AoeStats
← CTC boohoodman

Oasis

510222263Analyzed
2v2 RM · 1d ago on Sep 30, 2026· 24m 43s· 4 players
Game mode
Random Map
Map size
Medium (4 player)
Population
200
Speed
Normal
Resources
Standard
Victory
Conquest
Starting age
Dark Age
Ending age
Imperial Age
RankedLock teamsTeams togetherTeam positionsShared explorationLock speedFull tech treeHidden civsTurbo modeCheats
Victory
Defeat
🇺🇸 Sicilians · United States
1144
+15
🇺🇸 Poles · United States
1143
+15
🇺🇸 Mongols · United States
1123
-15
🇺🇸 Romans · United States
1112
-15
CTC boohoodman
9:27 Loom
11:41 Feudal Age
17:08 Castle Age
KeenWallaby
7:48 Loom
9:49 Feudal Age
11:59 Double-Bit Axe
16:09 Fletching
20:12 Wheelbarrow
19:28 Horse Collar
25:07 Castle Age
24:19 Bloodlines
24:24 Scale Barding Armor
24:59 Forging
Kermit The Frog
5:39 Loom
8:56 Feudal Age
9:42 Double-Bit Axe
16:07 Gold Mining
17:25 Wheelbarrow
16:56 Scale Mail Armor
18:47 Horse Collar
18:56 Town Watch
21:29 Castle Age
19:50 Gold Mining
20:16 Bloodlines
20:40 Scale Barding Armor
23:03 Chain Barding Armor
24:05 Husbandry
25:04 Forging
Frogger ✟
5:51 Loom
8:46 Feudal Age
9:44 Double-Bit Axe
12:55 Horse Collar
14:22 Bloodlines
15:47 Wheelbarrow
17:41 Wheelbarrow
20:50 Castle Age
19:11 Scale Barding Armor
19:27 Forging
21:07 Light Cavalry
21:48 Husbandry
22:09 Chain Barding Armor
22:05 Bow Saw
Connection lost

Rejoining the realm…

Still unreachable

The connection could not be restored.

Session expired

The server has moved on; the page needs a fresh start.